 Dungeon Crawl Stone Soup version 0.16.0-18-g484a79e (webtiles) character file.

219 inmateoo the Ruffian (level 5, -1/44 HPs)
             Began as a Deep Dwarf Transmuter on Mar 22, 2015.
             Slain by a gnoll
             ... wielding a +2 halberd of freezing
              (12 damage)
             ... on level 3 of the Dungeon.
             The game lasted 00:06:37 (2373 turns).

inmateoo the Ruffian (Deep Dwarf Transmuter)        Turns: 2373, Time: 00:06:37

Health: -1/44      AC:  2    Str: 14    XL:     5   Next: 63%
Magic:  4/9        EV: 21    Int: 14    God:
Gold:   67         SH:  0    Dex: 18    Spells: 3 memorised, 3 levels left

rFire  + . .     SeeInvis .       - Unarmed
rCold  . . .     Clarity  +     c - melded +0 robe
rNeg   . . .     SustAb   .     (shield currently unavailable)
rPois  x         Gourm    .     g - melded +0 helmet
rElec  .         Spirit   .     (cloak currently unavailable)
rCorr  .         Warding  .     (gloves currently unavailable)
rMut   .         Stasis   .     (boots currently unavailable)
MR     .....                    j - amulet of clarity
Stlth  ++........               (no ring)
                                m - ring of protection from fire (curse)

@: spider-form (expiring), very slightly contaminated, non-regenerating, not
resistant to hostile enchantments, unstealthy
A: damage resistance, recharge devices, sense surroundings 1, slow healing 3
a: Device Recharging, End Transformation


You were on level 3 of the Dungeon.
You were near starving.
You were a venomous arachnid creature.
You visited 1 branch of the dungeon, and saw 3 of its levels.

You collected 67 gold pieces.

Inventory:

Missiles
 b - 12 arrows
 r - 18 arrows of flame
Armour
 c - a +0 robe (melded)
 g - a +0 helmet (melded)
 i - a +0 pair of boots
Jewellery
 j - an amulet of clarity (around neck)
 m - a cursed ring of protection from fire (left front leg)
Magical devices
 a - a wand of heal wounds (6)
Scrolls
 h - 4 scrolls of teleportation
Potions
 e - a potion of lignification
 k - 3 potions of mutation {unknown}
 n - 2 potions of curing
 p - a potion of restore abilities {unknown}
Books
 d - a book of Changes

   Spells                             Type                      Level
   a - Beastly Appendage              Transmutation                1
   b - Sticks to Snakes               Transmutation                2
   c - Spider Form                    Transmutation/Poison         3
   d - Ice Form                       Ice/Transmutation            4
   e - Blade Hands                    Transmutation                5
Comestibles
 f - 2 bread rations
 l - a royal jelly
 o - a fruit
 q - a meat ration


   Skills:
 - Level 1.3 Fighting
 - Level 3.2 Dodging
 * Level 4.0 Unarmed Combat
 + Level 2.6 Spellcasting
 * Level 3.1 Transmutations


You had 3 spell levels left.
You knew the following spells:

 Your Spells              Type           Power        Failure   Level  Hunger
a - Beastly Appendage     Trmt           ##....       24%         1    #......
b - Sticks to Snakes      Trmt           ##........   28%         2    ###....
c - Spider Form           Trmt/Pois      #.........   61%         3    ###....


Dungeon Overview and Level Annotations

Branches:
Dungeon (3/15)

Altars:
Dithmenos
Ru

Annotations:
D:3 herpmino's ghost, average OpSu


Innate Abilities, Weirdness & Mutations

You are resistant to damage.
You can recharge devices by infusing magical energy.
You passively map a small area around you.
You do not heal naturally.


Message History

You hit the gnoll.
The gnoll is poisoned.
The gnoll is lightly wounded.
The gnoll completely misses you.
The gnoll throws a throwing net.
The throwing net hits you.
You become entangled in the net!
Unknown command.
You try to slip out of the net.
Your transformation is almost over.
The gnoll hits you but does no damage.
Unknown command.
You try to slip out of the net.
The gnoll misses you. The gnoll hits you with a whip.
* * * LOW HITPOINT WARNING * * *
Unknown command.
You slip out of the net!
The gnoll misses you. The gnoll barely misses you.
Unknown command.
Evoke which item? (* to show all) (? for menu, Esc to quit)
You have no means to grasp a wand firmly enough.
Unknown command.
The gnoll hits you from afar with a halberd of freezing!
You die...

#......#.## ## *
########....# ... ,
.............####....
#########.....b.......#
,
........................
*
#####.#.#.g...<####...K
##.#(#......#
#...<#.....[# ,
#..s##..#.#.#
#..g+...#.#.#
#gg.##.##.#.# * *
.....###....#.# * * *
....... . . ... *
###..>. * * #.#*, #....*
#.... , * ....


You could see 3 gnolls.

Vanquished Creatures
  A phantom (D:2)
  An orc wizard (D:2)
  3 adders (D:2)
  A giant gecko (D:1)
  An ooze (D:1)
  7 bats
  8 giant cockroaches
  14 hobgoblins
  9 kobolds
  3 giant newts (D:2)
  11 goblins
  6 rats
65 creatures vanquished.

Notes
Turn   | Place    | Note
--------------------------------------------------------------
     0 | D:1      | inmateoo, the Deep Dwarf Transmuter, began the quest for the Orb.
     0 | D:1      | Reached XP level 1. HP: 16/16 MP: 2/2
   241 | D:1      | Reached XP level 2. HP: 4/24 MP: 3/3
   375 | D:1      | Reached skill level 3 in Unarmed Combat
   532 | D:1      | Reached skill level 1 in Fighting
   653 | D:1      | Reached XP level 3. HP: 17/31 MP: 6/6
  1199 | D:2      | Found a sacrificial altar of Ru.
  1225 | D:2      | Reached XP level 4. HP: 28/38 MP: 7/7
  1647 | D:2      | Found a shadowy altar of Dithmenos.
  1958 | D:3      | Noticed a phantom
  2003 | D:2      | Learned a level 2 spell: Sticks to Snakes
  2007 | D:2      | Learned a level 3 spell: Spider Form
  2044 | D:2      | Killed a phantom
  2044 | D:2      | Reached XP level 5. HP: 27/44 MP: 7/9
  2197 | D:2      | Reached skill level 4 in Unarmed Combat
  2274 | D:3      | Noticed herpmino's ghost (average OpSu)
  2373 | D:3      | Slain by a gnoll

Action                   |  1- 3 |  4- 6 || total
-------------------------+-------+-------++-------
Melee: Unarmed           |   199 |   117 ||   316
 Cast: Beastly Appendage |    13 |     5 ||    18
       Spider Form       |       |     2 ||     2
Evoke: Wand              |     2 |     1 ||     3
  Use: Scroll            |     4 |     2 ||     6
 Stab: Sleeping          |     1 |     1 ||     2
       Paralysed         |       |     1 ||     1
  Eat: Chunk             |     1 |     3 ||     4
